 Dungeon Crawl Stone Soup version 0.24.0-37-gcf1ca852f1 (webtiles) character file.

Game seed: 14249740588026684322, levelgen mode: deterministic

66 grindst0ne the Protected (level 4, -12/32 HPs)
             Began as a Gnoll Wanderer on Dec 1, 2019.
             Killed from afar by Ijyb (13 damage)
             ... with a bolt of acid
             ... on level 3 of the Dungeon.
             The game lasted 00:02:32 (1476 turns).

grindst0ne the Protected (Gnoll Wanderer)           Turns: 1476, Time: 00:02:32

Health: -12/32     AC:  3    Str: 14    XL:     4   Next: 15%
Magic:  5/5        EV:  8    Int: 14    God:
Gold:   125        SH:  8    Dex: 16    Spells: 5/5 levels left

rFire    . . .     SeeInvis .   h - +0 hand axe
rCold    . . .     Gourm    .   c - +0 shield
rNeg     . . .     Faith    .   b - +0 ring mail
rPois    .         Spirit   .   (no helmet)
rElec    .         Reflect  .   (no cloak)
rCorr    .         Harm     .   (no gloves)
MR       .....                  (no boots)
Stlth    ++........             (no amulet)
HPRegen  0.10/turn              (no ring)
MPRegen  0.09/turn              (no ring)

@: corroded
A: distributed training, fangs 1, strong nose
a: no special abilities


You were on level 3 of the Dungeon.
You were not hungry.

You visited 1 branch of the dungeon, and saw 3 of its levels.

You collected 125 gold pieces.

Inventory:

Hand Weapons
 a - a +0 hand crossbow
 h - a +0 hand axe (weapon)
Missiles
 d - 19 bolts
Armour
 b - a +0 ring mail (worn)
 c - a +0 shield (worn)
 k - a cursed +0 chain mail
Jewellery
 j - an uncursed ring of fire
Scrolls
 e - 2 scrolls of immolation {unknown}
 g - a scroll of fog {unknown}
 l - 4 scrolls of identify {unknown}
 r - a scroll of remove curse {unknown}
Potions
 m - 2 potions of lignification {unknown}
 n - a potion of cancellation {unknown}
 o - 2 potions of magic {unknown}
 p - a potion of brilliance {unknown}
 q - a potion of haste {unknown}
Comestibles
 f - 6 rations
 i - 5 chunks of flesh


   Skills:
 + Level 1.0 Fighting
 + Level 1.0 Short Blades
 + Level 1.0 Long Blades
 + Level 1.0 Axes
 + Level 2.7 Maces & Flails
 + Level 1.0 Polearms
 + Level 1.0 Staves
 + Level 1.0 Slings
 + Level 1.0 Bows
 + Level 2.7 Crossbows
 + Level 1.0 Throwing
 + Level 12.0 Armour
 + Level 1.0 Dodging
 + Level 2.5 Stealth
 + Level 2.7 Shields
 + Level 1.0 Unarmed Combat
 + Level 1.0 Spellcasting
 + Level 0.7 Conjurations
 + Level 0.7 Hexes
 + Level 0.7 Charms
 + Level 0.7 Summonings
 + Level 0.7 Necromancy
 + Level 0.7 Translocations
 + Level 0.7 Transmutations
 + Level 0.7 Fire Magic
 + Level 0.7 Ice Magic
 + Level 0.7 Air Magic
 + Level 0.7 Earth Magic
 + Level 0.7 Poison Magic
 + Level 1.1 Invocations
 + Level 1.0 Evocations


You had 5 spell levels left.
You didn't know any spells.
Your spell library was empty.

Dungeon Overview and Level Annotations

Branches:
Dungeon (3/15)

Altars:

Annotations:
D:3 Ijyb


Innate Abilities, Weirdness & Mutations

Your experience applies equally to all skills.
You have very sharp teeth.
Your uncanny sense of smell can sniff out nearby items.


Message History

You hit the goblin but do no damage. You block the goblin's attack.
Your shield prevents you from hitting the goblin.
Your bite misses the goblin. You block the goblin's attack.
The goblin hits you but does no damage.
You hit the goblin.
You kill the goblin!
You see here a +2 dagger of protection.
r - a scroll labeled YGISHI LOBRAASM Ijyb the Twisted Goblin comes into view.
She is carrying a wand of acid (8).
Ijyb shouts!
Ijyb misses you.
Found a fuming brown potion.
You hit Ijyb but do no damage. Your bite misses Ijyb.
Ijyb zaps a wand.
The bolt of acid misses you.
You closely miss Ijyb. Ijyb hits you but does no damage.
Ijyb zaps a wand.
The bolt of acid hits you! The acid corrodes you!
You are splashed with acid!
* * * LOW HITPOINT WARNING * * *
You barely miss Ijyb. Your bite misses Ijyb.
Ijyb zaps a wand.
The bolt of acid hits you!
You die...

#############
......../..?#
......g@....#####
∆
!#######.........
..##.########
#.##.# #.##.#
#.##.# . #.##.#
....####.##.##
#...........#


You could see Ijyb.

Vanquished Creatures
  An adder (D:3)
  3 worms
  A dart slug (D:2)
  4 giant cockroaches
  6 hobgoblins
  4 jackals (D:1)
  5 kobolds
  3 ball pythons
  5 bats
  A frilled lizard (D:1)
  4 goblins
  7 rats
44 creatures vanquished.

Notes
Turn   | Place    | Note
-------+----------+-------------------------------------------
     0 | D:1      | Reached skill level 12 in Armour
     0 | D:1      | grindst0ne the Gnoll Wanderer began the quest for the Orb.
     0 | D:1      | grindst0ne set off with the following items: a +0 hand
                  | crossbow, a +0 ring mail, a +0 shield, 19 bolts, a ration
     0 | D:1      | Reached XP level 1. HP: 13/13 MP: 1/1
   147 | D:1      | Reached XP level 2. HP: 6/19 MP: 2/2
   731 | D:2      | Reached XP level 3. HP: 23/25 MP: 3/3
   976 | D:2      | Reached skill level 1 in Invocations
  1369 | D:3      | Reached skill level 1 in Fighting
  1369 | D:3      | Reached skill level 1 in Short Blades
  1369 | D:3      | Reached skill level 1 in Long Blades
  1369 | D:3      | Reached skill level 1 in Axes
  1369 | D:3      | Reached skill level 1 in Polearms
  1369 | D:3      | Reached skill level 1 in Staves
  1369 | D:3      | Reached skill level 1 in Slings
  1369 | D:3      | Reached skill level 1 in Bows
  1369 | D:3      | Reached skill level 1 in Throwing
  1369 | D:3      | Reached skill level 1 in Dodging
  1369 | D:3      | Reached skill level 1 in Unarmed Combat
  1369 | D:3      | Reached skill level 1 in Spellcasting
  1369 | D:3      | Reached skill level 1 in Evocations
  1388 | D:3      | Reached XP level 4. HP: 16/32 MP: 5/5
  1471 | D:3      | Noticed Ijyb
  1475 | D:3      | HP: 1/32 [acid (13)]
  1476 | D:3      | Killed from afar by Ijyb

Levels and vault maps discovered:
D:1:      ebering_hopf_link, layout_loops_cross
D:2:      layout_loops_ring, first_ration
D:3:      layout_loops_ring, uniq_ijyb

Skill      XL: |  1  2  3 |
---------------+----------+-----
Armour         | | 12.0
Invocations    | 1 |  1.1
Fighting       | 1 |  1.0
Short Blades   | 1 |  1.0
Long Blades    | 1 |  1.0
Axes           | 1 |  1.0
Polearms       | 1 |  1.0
Staves         | 1 |  1.0
Slings         | 1 |  1.0
Bows           | 1 |  1.0
Throwing       | 1 |  1.0
Dodging        | 1 |  1.0
Unarmed Combat | 1 |  1.0
Spellcasting   | 1 |  1.0
Evocations     | 1 |  1.0
Maces & Flails | |  2.7
Crossbows      | |  2.7
Stealth        | |  2.5
Shields        | |  2.7
Conjurations   | |  0.7
Hexes          | |  0.7
Charms         | |  0.7
Summonings     | |  0.7
Necromancy     | |  0.7
Translocations | |  0.7
Transmutations | |  0.7
Fire Magic     | |  0.7
Ice Magic      | |  0.7
Air Magic      | |  0.7
Earth Magic    | |  0.7
Poison Magic   | |  0.7

Action                   |  1- 3 |  4- 6 || total
-------------------------+-------+-------++-------
Melee: Hand axe          |   159 |    13 ||   172
       Bite              |    15 |     1 ||    16
 Stab: Sleeping          |     6 |       ||     6
  Eat: Chunk             |     2 |       ||     2
Armor: Ring mail         |    71 |     3 ||    74
Dodge: Dodged            |    67 |     3 ||    70
Block: Shield            |    77 |     9 ||    86
